 Dungeon Crawl Stone Soup version 0.22-a0-571-g4a923d4 (webtiles) character file.

9760 kae the Severer (level 11, -10/96 HPs)
             Began as a Deep Dwarf Fighter on July 1, 2018.
             Was a Believer of Makhleb.
             Mangled by a two-headed ogre
             ... wielding a +0 giant spiked club
              (23 damage)
             ... on level 11 of the Dungeon.
             The game lasted 00:17:31 (10904 turns).

kae the Severer (Deep Dwarf Fighter)               Turns: 10904, Time: 00:17:32

Health: -10/96     AC: 11    Str: 22    XL:     11   Next: 27%
Magic:  8/8        EV:  7    Int: 13    God:    Makhleb [**....]
Gold:   625        SH: 10    Dex: 12    Spells: 10/10 levels left

rFire    . . .     SeeInvis +   a - +1 war axe (chop)
rCold    . . .     Gourm    .   c - +0 shield
rNeg     . . .     Faith    .   b - +0 scale mail
rPois    .         Spirit   .   l - +0 helmet
rElec    .         Reflect  .   (no cloak)
rCorr    .         Harm     .   D - +1 pair of gloves
MR       +....                  (no boots)
Stlth    ..........             (no amulet)
HPRegen  0.00/turn              C - +3 ring of intelligence
MPRegen  0.11/turn              y - ring of see invisible

@: non-regenerating
A: damage resistance, heal wounds, sense surroundings 2, no regeneration
a: Heal Wounds, Minor Destruction, Renounce Religion


You were on level 11 of the Dungeon.
You worshipped Makhleb.
Makhleb was pleased with you.
You were not hungry.

You visited 2 branches of the dungeon, and saw 12 of its levels.

You collected 625 gold pieces.

Inventory:

Hand Weapons
 a - a +1 war axe of chopping (weapon)
Armour
 b - a +0 scale mail (worn)
 c - a +0 shield (worn)
 l - a +0 helmet (worn)
 n - a +1 pair of gloves
 D - a +1 pair of gloves (worn)
Jewellery
 q - an uncursed ring of stealth
 u - an uncursed ring of fire
 w - a +4 ring of protection {unknown}
 x - an uncursed ring of stealth
 y - a ring of see invisible (right hand)
 C - a +3 ring of intelligence (left hand)
Wands
 d - a wand of clouds (5)
 o - a wand of disintegration (7)
 A - a wand of paralysis (11)
 B - a wand of flame (32)
 F - a wand of polymorph (13)
Scrolls
 h - 2 scrolls of fog
 j - 3 scrolls of enchant weapon
 k - 2 scrolls of identify
 m - 2 scrolls of amnesia
 s - 5 scrolls of immolation
 G - a scroll of fear
 I - 2 scrolls of enchant armour
Potions
 e - 5 potions of heal wounds
 g - 6 potions of curing
 i - 5 potions of flight
 p - 2 potions of brilliance
 r - 2 potions of invisibility
 t - a potion of cancellation
 v - 3 potions of lignification
 z - 3 potions of haste
Comestibles
 f - 21 rations
 E - 3 chunks of flesh


   Skills:
 + Level 5.2 Fighting
 - Level 16.0 Axes
 + Level 6.2 Armour
 + Level 4.1 Shields
 + Level 6.1 Invocations


You had 10 spell levels left.
You didn't know any spells.
Your spell library contained the following spells:

 Spells                   Type           Power        Failure   Level  Hunger
 Confuse                  Hex            #.......     100%        3    ####...
 Summon Small Mammal      Summ           #...         97%         1    ##.....
 Summon Ice Beast         Ice/Summ       #.......     100%        4    #####..
 Call Imp                 Summ           #.......     99%         2    ###....
 Tukima's Dance           Hex            #.......     100%        3    ####...
 Call Canine Familiar     Summ           #.......     100%        3    ####...
 Ensorcelled Hibernation  Hex/Ice        #.....       99%         2    ###....
 Corona                   Hex            #......      97%         1    ##.....
 Dazzling Spray           Conj/Hex       #.....       100%        3    ####...
 Summon Lightning Spire   Summ/Air       #.......     100%        4    #####..
 Summon Guardian Golem    Hex/Summ       #.......     100%        3    ####...


Dungeon Overview and Level Annotations

Branches:
Dungeon (11/15)            Temple (1/1) D:6             Orc (0/2) D:10
   Lair: D:8-11

Altars:
Ashenzari
Cheibriados
Dithmenos
Elyvilon
Fedhas
Gozag
Hepliaklqana
Kikubaaqudgha
Makhleb
Nemelex Xobeh
Okawaru
Qazlal
Ru
Sif Muna
Trog
Uskayaw
Vehumet
Wu Jian
Xom
Yredelemnul
Zin
The Shining One

Shops:
D:7 %   D:9 *   D:10 %:

Annotations:
D:5 3 runed doors, kirsanium's ghost, novice TeAE
D:10 Josephine
D:11 exclusion: 2 doors


Innate Abilities, Weirdness & Mutations

You are resistant to damage.
You can heal yourself by infusing magical energy.
You passively map the area around you.
You do not regenerate.


Message History

You slice the two-headed ogre!!
The two-headed ogre is heavily wounded.
You block the two-headed ogre's attack. x2
You hit the two-headed ogre but do no damage.
The two-headed ogre is heavily wounded.
You slash the two-headed ogre!
The two-headed ogre is almost dead.
The two-headed ogre hits you with a giant spiked club.
You block the two-headed ogre's attack.
You barely miss the two-headed ogre.
The two-headed ogre is almost dead.
The two-headed ogre hits you with a giant spiked club!!
The two-headed ogre hits you with a giant club!!
* * * LOW HITPOINT WARNING * * *
You hit the two-headed ogre.
The two-headed ogre is almost dead.
You hit the two-headed ogre but do no damage.
The two-headed ogre is almost dead.
The two-headed ogre hits you with a giant spiked club!!
You die...

...#####......##########..#......
####...#......#...........#......
.......#......#...........#......
.......#......#...........#......
......##......#...........#......
......#.......#...........#......
......'.......#..$........#.....#
......#)......#...........#.....#
#######.......#.@.........#.....#
..........#####O.########.#.....#
..........# ....# ,#.####..#
..........#......# ,#....#..#
..........#......# , #....##.#
..........#......#* +####.....#.#
..........#....... ,)......)###.#
.####+##..#....... ,.......(#...#
.#.....#..# , , ,........#....


You could see a two-headed ogre.

Vanquished Creatures
  Harold (D:10)
  Erica (D:9)
  2 two-headed ogres
  Joseph (D:7)
  A troll (D:10)
  2 hippogriffs
  Sigmund (D:4)
  A wyvern (D:10)
  A wraith (D:10)
  A steam dragon (D:7)
  2 hungry ghosts
  Menkaure (D:6)
  8 orc warriors
  An eye of draining (D:11)
  3 sky beasts
  12 ogres
  2 phantoms
  3 centaurs
  2 big kobolds (D:10)
  4 bullfrogs
  3 gnoll sergeants (D:10)
  3 scorpions
  5 killer bees (D:9)
  8 wights
  A howler monkey (D:5)
  2 crimson imps
  3 bullfrog zombies
  A centaur zombie (D:10)
  3 orc priests
  6 hounds
  2 bullfrog skeletons
  2 jellies
  2 gnoll shamans (D:4)
  6 orc wizards
  3 iguanas
  6 worker ants
  2 hound skeletons
  12 gnolls
  A howler monkey skeleton (D:6)
  8 adders
  2 shadow imps
  An ooze (D:1)
  3 adder skeletons
  4 worms
  2 dart slugs
  4 leopard geckos
  31 orcs
  9 bats
  3 giant cockroaches
  18 goblins
  20 hobgoblins
  18 jackals
  2 quokkas
  6 ball pythons
  5 frilled lizards
  11 kobolds
  2 leopard gecko skeletons
  A quokka zombie (D:8)
  3 rats
274 creatures vanquished.

Vanquished Creatures (collateral kills)
  A killer bee (D:9)
  A howler monkey (D:9)
2 creatures vanquished.

Grand Total: 276 creatures vanquished

Notes
Turn   | Place    | Note
-------+----------+-------------------------------------------
     0 | D:1      | kae the Deep Dwarf Fighter began the quest for the Orb.
     0 | D:1      | Reached XP level 1. HP: 20/20 MP: 1/1
    37 | D:1      | Reached skill level 3 in Axes
    37 | D:1      | Reached XP level 2. HP: 22/27 MP: 2/2
   333 | D:1      | Reached XP level 3. HP: 21/33 MP: 3/3
   346 | D:1      | Reached skill level 4 in Axes
  1010 | D:2      | Reached XP level 4. HP: 40/40 MP: 3/3
  1113 | D:2      | Found a hazy altar of Hepliaklqana.
  1167 | D:2      | Reached skill level 5 in Axes
  1700 | D:3      | Reached XP level 5. HP: 35/46 MP: 4/4
  1701 | D:3      | Reached skill level 6 in Axes
  2230 | D:4      | Reached skill level 7 in Axes
  2266 | D:4      | Reached XP level 6. HP: 54/55 MP: 5/5
  2539 | D:4      | Reached skill level 8 in Axes
  2801 | D:4      | Noticed Sigmund
  2814 | D:4      | Killed Sigmund
  2814 | D:4      | Reached skill level 9 in Axes
  2814 | D:4      | Reached XP level 7. HP: 51/61 MP: 6/6
  2927 | D:5      | Entered Level 5 of the Dungeon
  2979 | D:6      | Found a staircase to the Ecumenical Temple.
  3000 | Temple   | Entered the Ecumenical Temple
  3219 | D:5      | Found a runed gate.
  3219 | D:5      | Noticed kirsanium's ghost (novice TeAE)
  3220 | D:5      | Found a runed gate.
  3221 | D:5      | Found a runed gate.
  3221 | D:5      | Noticed a two-headed ogre
  3237 | D:5      | Found a hide-covered altar of Uskayaw.
  3434 | D:5      | Reached skill level 10 in Axes
  3884 | D:5      | Reached XP level 8. HP: 52/68 MP: 7/7
  4087 | D:6      | Noticed Menkaure
  4096 | D:6      | Killed Menkaure
  4217 | D:6      | Reached skill level 11 in Axes
  5428 | D:7      | Reached skill level 12 in Axes
  5484 | D:7      | Found Yxkoqoyb's Food Shop.
  5554 | D:7      | Noticed Joseph
  5567 | D:7      | Killed Joseph
  5567 | D:7      | Gained mutation: You passively map the area around you. [Deep Dwarf growth]
  5567 | D:7      | Reached XP level 9. HP: 74/74 MP: 7/7
  5577 | D:7      | Reached skill level 13 in Axes
  6003 | D:7      | Reached skill level 14 in Axes
  6067 | D:7      | Found a stormy altar of Qazlal.
  6510 | D:8      | Found a hide-covered altar of Uskayaw.
  7234 | D:8      | Found an ancient bone altar of Kikubaaqudgha.
  7246 | D:8      | Found a burning altar of Makhleb.
  7256 | D:8      | Became a worshipper of Makhleb the Destroyer
  7261 | D:8      | Found an opulent altar of Gozag.
  7518 | D:9      | Noticed Erica
  7533 | D:9      | Killed Erica
  7533 | D:9      | Reached skill level 15 in Axes
  7533 | D:9      | Reached skill level 1 in Invocations
  7533 | D:9      | Reached XP level 10. HP: 41/84 MP: 6/8
  7864 | D:9      | Found Ykeysirph's General Store.
  8062 | D:9      | Reached * piety under Makhleb
  8068 | D:10     | Entered Level 10 of the Dungeon
  8068 | D:10     | Found Bimolush's Book Shop.
  8154 | D:10     | Noticed Harold
  8174 | D:10     | HP: 4/84 [Harold/bolt of fire (24)]
  8176 | D:10     | Killed Harold
  8443 | D:10     | Found Qoghaet's Food Shop.
  8553 | D:10     | Noticed a two-headed ogre
  8562 | D:10     | Killed a two-headed ogre
  8562 | D:10     | Reached skill level 5 in Armour
  8759 | D:10     | Noticed Josephine
  8832 | D:10     | Reached skill level 5 in Invocations
  8970 | D:10     | Reached XP level 11. HP: 29/93 MP: 8/8
  9384 | D:10     | Reached skill level 16 in Axes
  9438 | D:10     | Found a staircase to the Orcish Mines.
  9441 | D:10     | Reached ** piety under Makhleb
  9916 | D:11     | Noticed a two-headed ogre
  9989 | D:11     | Noticed an eight-headed hydra
 10041 | D:11     | Killed a two-headed ogre
 10041 | D:11     | Reached skill level 5 in Fighting
 10893 | D:11     | Noticed a two-headed ogre
 10904 | D:11     | Mangled by a two-headed ogre

Vault maps used:
D:1:      eino_arrival_water_star, minmay_misc_feat_diagonals,
          minmay_hexomino_f4
D:2:      old_standard_altar, st_stairs_7
D:3:      minmay_wonky_spiral, first_ration, kennysheep_generic_room_11
D:4:      minmay_misc_feat_plants, uniq_sigmund
D:5:      basic_altar, gammafunk_ghost_split
D:6:      minmay_temple_entry_water_ring, uniq_menkaure
D:7:      overflow_temple_1_default, serial_shops, nicolae_shop_waterfront,
          uniq_joseph
D:8:      corexii_shantytown, minmay_overflow_temple_star_quad, basic_altar
D:9:      serial_shops, shop_fountains, uniq_erica
D:10:     kennysheep_orc_monster_closet_entryway, serial_shops,
          nicolae_shop_competitors_out_of_business, shop, uniq_harold,
          uniq_josephine
D:11:     erik_lair_dragon
Temple:   bh_familiar_temple

Skill      XL: |  1  2  3  4  5  6  7  8  9 10 11 |
---------------+----------------------------------+-----
Axes           | 3 4 5 7 9 10 12 15 16 | 16.0
Fighting       | 3 4 5 |  5.2
Invocations    | 1 5 6 |  6.1
Armour         | 5 6 |  6.2
Shields        | 4 |  4.1

Action                   |  1- 3 |  4- 6 |  7- 9 | 10-12 || total
-------------------------+-------+-------+-------+-------++-------
Melee: War axe           |   118 |   207 |   393 |   249 ||   967
 Abil: Heal Wounds       |     1 |     2 |    11 |    16 ||    30
Evoke: Wand              |       |       |     3 |    15 ||    18
  Use: Scroll            |       |     7 |    14 |     9 ||    30
       Potion            |       |     1 |     1 |     1 ||     3
 Stab: Paralysed         |       |       |     6 |     5 ||    11
       Confused          |       |       |     2 |     4 ||     6
  Eat: Chunk             |       |     7 |    16 |    14 ||    37
       Ration            |       |       |     1 |       ||     1
Armor: Scale mail        |    69 |    82 |   133 |    71 ||   355
Dodge: Dodged            |    63 |    60 |    52 |    37 ||   212
Block: Shield            |    75 |   106 |   136 |    97 ||   414

Table legend:
 A = Spawn XP
 B = Non-spawn XP
 C = Spawn XP percentage of total XP
 D = Spawn monster count
 E = Non-spawn monster count
 F = Spawn count percentage of total count
 G = Total turns spent on level
                    A         B        C        D         E        F      G
               +---------+---------+-------+---------+---------+-------+---------
         Total |       0 |   13943 |   0.0 |       0 |     276 |   0.0 | 10904
               +---------+---------+-------+---------+---------+-------+---------
           D:1 |       0 |      75 |   0.0 |       0 |      38 |   0.0 |   832
           D:2 |       0 |      50 |   0.0 |       0 |      17 |   0.0 |   620
           D:3 |       0 |     138 |   0.0 |       0 |      27 |   0.0 |   636
           D:4 |       0 |     741 |   0.0 |       0 |      27 |   0.0 |   839
           D:5 |       0 |     428 |   0.0 |       0 |      11 |   0.0 |   903
           D:6 |       0 |     710 |   0.0 |       0 |      19 |   0.0 |  1378
           D:7 |       0 |    2296 |   0.0 |       0 |      23 |   0.0 |   863
           D:8 |       0 |     593 |   0.0 |       0 |      39 |   0.0 |  1095
           D:9 |       0 |    2019 |   0.0 |       0 |      28 |   0.0 |   721
          D:10 |       0 |    5306 |   0.0 |       0 |      37 |   0.0 |  1579
          D:11 |       0 |    1587 |   0.0 |       0 |      10 |   0.0 |  1257
               +---------+---------+-------+---------+---------+-------+---------
